 Dungeon Crawl Stone Soup version 0.27.0-66-gdc8fb28755 (webtiles) character file.

Game seed: 13571335144928591842

729 robertstho the Cudgeller (level 7, -4/106 HPs)
             Began as a Troll Berserker on Aug 20, 2021.
             Was a Believer of Trog.
             Slain by a gnoll (7 damage)
             ... on level 5 of the Dungeon.
             The game lasted 00:04:25 (3214 turns).

robertstho the Cudgeller (Troll Berserker)          Turns: 3214, Time: 00:04:27

Health: -4/106     AC:  4    Str: 26    XL:     7   Next: 44%
Magic:  6/6        EV: 10    Int:  5    God:    Trog [**....]
Gold:   62         SH:  0    Dex:  9    Spells: 6/6 levels left

rFire    . . .     SeeInvis +   a - +1 mace
rCold    . . .     Faith    .   (no shield)
rNeg     . . .     Spirit   .   b - +0 animal skin
rPois    .         Reflect  .   (helmet restricted)
rElec    .         Harm     .   (no cloak)
rCorr    .         Rampage  .   (gloves unavailable)
Will     .....                  (boots unavailable)
Stlth    ..........             (no amulet)
HPRegen  1.27/turn              n - ring of see invisible
MPRegen  0.10/turn              (no ring)

@: berserking, very quick
A: large, unfitting armour, claws 3, regeneration 1, shaggy fur 1, tough skin 1
a: Renounce Religion, Berserk, Trog's Hand


You were on level 5 of the Dungeon.
You worshipped Trog.
Trog was pleased with you.
You visited 1 branch of the dungeon, and saw 5 of its levels.

You collected 205 gold pieces.
You spent 143 gold pieces at shops.

Inventory:

Hand Weapons
 a - a +1 mace (weapon)
Missiles
 i - 2 large rocks (quivered)
Armour
 b - a +0 animal skin (worn)
Jewellery
 n - a ring of see invisible (left claw)
Scrolls
 m - a scroll of silence
Potions
 c - 3 potions of heal wounds {unknown}
 d - a potion of berserk rage {unknown}
 e - a potion of curing {unknown}
 f - a potion of attraction {unknown}
 g - 2 potions of brilliance {unknown}
 j - 3 potions of degeneration {unknown}
 l - 2 potions of flight
 r - a potion of resistance


   Skills:
 * Level 4.4 Fighting
 + Level 5.3 Maces & Flails
 * Level 2.4 Armour
 + Level 3.5 Dodging
 + Level 0.3 Stealth


You had 6 spell levels left.
You didn't know any spells.
Your spell library was empty.

Dungeon Overview and Level Annotations

Branches:
Dungeon (5/15)             Temple (0/1) D:5

Altars:
Nemelex Xobeh

Shops:
D:5 *

Annotations:
D:4 3 runed translucent doors, Eustachio; RatsInWalls's ghost, amateur HOMo


Innate Abilities, Weirdness & Mutations

You are too large for most types of armour.
You have claws for hands.
Your natural rate of healing is unusually fast.
You are covered in fur. (AC +1)
You have tough skin. (AC +1)


Message History

An ogre comes into view. It is wielding a +0 giant club.
You recover from your berserk rage.
The ogre shouts!
A gnoll comes into view. It is wielding a +0 flail.
The gnoll shouts!
You hear a shout!
The ogre hits you with a +0 giant club!
You hit the ogre but do no damage. The ogre closely misses you.
You sock the ogre!
The ogre is moderately wounded.
A gnoll comes into view. It is wielding a +0 spear.
The ogre closely misses you.
You barely miss the ogre.
The ogre is moderately wounded.
You hit the ogre.
The ogre is heavily wounded.
The ogre barely misses you.
You barely miss the ogre.
The ogre is heavily wounded.
A gnoll comes into view. It is wielding a +0 whip.
The ogre hits you with a +0 giant club! The gnoll hits you with a +0 flail!
The gnoll moves out of view.
You sock the ogre!
The ogre is almost dead.
The gnoll hits you with a +0 flail!
The ogre hits you with a +0 giant club!!
* * * LOW HITPOINT WARNING * * *
The gnoll hits you from afar with a +0 spear.
* * * LOW HITPOINT WARNING * * *
A red film seems to cover your vision as you go berserk!
You feel yourself moving faster!
You feel mighty! The gnoll closely misses you. The ogre closely misses you.
The gnoll hits you but does no damage.
Unknown command.
The gnoll shouts!
You thump the ogre!
You kill the ogre!
Trog accepts your kill. The gnoll hits you with a +0 flail.
* * * LOW HITPOINT WARNING * * *
The gnoll hits you from afar with a +0 spear!
You die...

.#..#. ... ...g ....
.... ... #...
#..#..##
##..#.g.####..
#.....)g...... ..
#....@..# ...
#.#....####.# ..#
#.........# ...##
#..######.#.######
#...##....##......##
##..... ...........##
.....>###....#......#
.# #.......#.......##
## #.......#....####


You could see 3 gnolls.

Vanquished Creatures
  Sigmund (D:2)
  A black bear (D:5)
  A hornet zombie (D:3)
  3 ogres
  2 hounds
  A hound zombie (D:5)
  A howler monkey zombie (D:5)
  4 gnolls (D:5)
  3 adders
  An ufetubus (D:5)
  A worm (D:2)
  2 dart slugs
  An orc (D:3)
  8 ball pythons
  12 endoplasms
  2 giant cockroaches
  7 goblins
  3 hobgoblins
  7 jackals
  4 quokkas
  3 bats (D:1)
  4 kobolds
  6 rats
78 creatures vanquished.

Notes
Turn   | Place    | Note
-------+----------+-------------------------------------------
     0 | D:1      | robertstho the Troll Berserker began the quest for the Orb.
     0 | D:1      | Reached XP level 1. HP: 22/22 MP: 0/0
    84 | D:1      | Found a faded altar of an unknown god.
   141 | D:1      | Reached XP level 2. HP: 29/29 MP: 1/1
   362 | D:1      | Reached skill level 3 in Maces & Flails
   422 | D:1      | Reached XP level 3. HP: 23/36 MP: 2/2
   522 | D:1      | Reached ** piety under Trog
   841 | D:2      | Noticed Sigmund
   850 | D:2      | Killed Sigmund
   851 | D:2      | Reached skill level 1 in Armour
   851 | D:2      | Reached XP level 4. HP: 45/45 MP: 3/3
   851 | D:2      | Reached XP level 5. HP: 53/53 MP: 4/4
  1043 | D:2      | Reached skill level 4 in Maces & Flails
  1772 | D:3      | Reached XP level 6. HP: 22/62 MP: 5/5
  2309 | D:4      | Noticed RatsInWalls's ghost (amateur HOMo)
  2316 | D:4      | Found a runed translucent gate.
  2316 | D:4      | Found a runed translucent gate.
  2316 | D:4      | Found a runed translucent gate.
  2623 | D:4      | Noticed Eustachio
  2652 | D:5      | Entered Level 5 of the Dungeon
  2837 | D:5      | Reached skill level 5 in Maces & Flails
  2837 | D:5      | Reached XP level 7. HP: 51/70 MP: 6/6
  2854 | D:5      | Found a staircase to the Ecumenical Temple.
  2995 | D:5      | Found Feitoil's General Store.
  3012 | D:5      | Bought a scroll of identify for 22 gold pieces
  3012 | D:5      | Bought a scroll of noise for 11 gold pieces
  3012 | D:5      | Bought a potion of resistance for 110 gold pieces
  3057 | D:5      | Found a sparkling altar of Nemelex Xobeh.
  3212 | D:5      | HP: 1/71 [gnoll (5)]
  3214 | D:5      | Slain by a gnoll

Illustrated notes

Levels and vault maps discovered:
D:1:      saegor_arrival_simple_b, layout_loops_ring,
          ebering_ecumenical_altar_sacrificial, minivault_24
D:2:      layout_rooms, serial_curves, eino_curves_04, eino_curves_04,
          uniq_sigmund
D:3:      layout_loops_ring
D:4:      layout_loops_ring, gammafunk_ghost_split, serial_shops,
          nicolae_shop_behind_doors, hangedman_decor_growths, uniq_eustachio
D:5:      layout_cave_pools, mainiacjoe_overflow_alcove_1, kennysheep_mini,
          nemelex_dance_club_becter, minmay_temple_entry_ruins,
          serial_gnoll_camp, gnoll_camp_mini_sergeant, gnoll_camp_huts_moat,
          gnoll_camp_mini_shop, gnoll_camp_mini_loothouse

Skill      XL: |  1  2  3  4  5  6 |
---------------+-------------------+-----
Maces & Flails | 3 4 5 |  5.3
Fighting       | 3 4 |  4.4
Armour         | 1 2 |  2.4
Dodging        | 3 |  3.5
Stealth        | |  0.3

Action                   |  1- 3 |  4- 6 |  7- 9 || total
-------------------------+-------+-------+-------++-------
Melee: Mace              |    96 |   153 |    35 ||   284
Invok: Berserk           |     2 |     5 |     2 ||     9
  Use: Scroll            |       |     3 |     5 ||     8
Armor: Animal skin       |    38 |    71 |     6 ||   115
Dodge: Dodged            |    60 |   122 |    39 ||   221
